 Dungeon Crawl Stone Soup version 0.30-a0-743-gbfdf073431 (webtiles) character file.

Game seed: 2594512998884120045

207955 Napalmbreeze the Warrior (level 18, 128/128 HPs)
             Began as a Gargoyle Reaver on Nov 14, 2022.
             Was the Champion of Okawaru.
             Quit the game on level 4 of the Snake Pit on Sept 23, 2023.
             The game lasted 01:38:37 (34958 turns).

Napalmbreeze the Warrior (Gargoyle Reaver)         Turns: 34958, Time: 01:38:37

Health: 128/128    AC: 56    Str: 30    XL:     18   Next: 77%
Magic:  30/30      EV: 11    Int: 17    God:    Okawaru [******]
Gold:   2627       SH: 17    Dex:  8    Spells: 31/33 levels left

rFire   + . .      SeeInvis +    u - +6 eveningstar "Demonbane" {flame, Fly rC- Str+4}
rCold   . . .      Faith    .    I - +2 kite shield {rC+ rF+}
rNeg    + . .      Spirit   .    o - +15 Maxwell's patent armour {-Cast -Tele rElec Will+ rCorr}
rPois   ∞          Reflect  +    B - +0 helmet "Nopp" {Str+5}
rElec   +          Harm     .    s - +1 cloak of Depression {Rampage}
rCorr   +          Rampage  +    C - +2 pair of gloves
Will    ++...      NoTele   +    Z - +1 pair of boots {Stlth+} Stlth NoCast +
                                 v - amulet of reflection
HPRegen 0.41/turn                f - +4 ring of evasion
MPRegen 0.22/turn                x - ring of see invisible

@: flying
A: sickness immunity, AC +13, big wings, negative energy resistance 1,
electricity resistance, torment resistance 1, petrification resistance
}: 1/15 runes: serpentine
a: Renounce Religion, Heroism, Finesse, Duel


You were on level 4 of the Snake Pit.
You worshipped Okawaru.
Okawaru was exalted by your worship.
You visited 5 branches of the dungeon, and saw 27 of its levels.
You also visited: Gauntlet and Ice Cave.

You collected 3420 gold pieces.
You spent 793 gold pieces at shops.

Inventory:

Hand Weapons
 k - a +5 demon whip of draining
 m - the +11 flail "Nutuotweuq" {drain, rCorr Str+3}
   (You took it off a naga mage on level 4 of the Snake Pit)

   Str:       It affects your strength (+3).
   rCorr:     It protects you from acid and corrosion.
 u - the +6 eveningstar "Demonbane" (weapon) {flame, Fly rC- Str+4}
   (Okawaru gifted it to you on level 1 of the Snake Pit)

   Str:       It affects your strength (+4).
   rC:        It makes you vulnerable to cold.
   Fly:       It grants you flight.
 D - a +1 whip of flaming
 P - a +1 whip of electrocution
Missiles
 F - a throwing net
Armour
 o - the +15 Maxwell's patent armour (worn) {-Cast -Tele rElec Will+ rCorr}
   (You found it on level 5 of the Lair of Beasts)

   rElec:     It insulates you from electricity.
   -Cast:     It prevents spellcasting.
   -Tele:     It prevents most forms of teleportation.
   rCorr:     It protects you from acid and corrosion.
   Will:      It increases your willpower.
 s - the +1 cloak of Depression (worn) {Rampage}
   (You bought it in a shop on level 2 of the Orcish Mines)

   Rampage:   It bestows one free step when moving towards enemies.
 t - the +3 helmet of Qoux {+Blink}
   (You acquired it on level 10 of the Dungeon)

   +Blink:    It lets you blink.
 B - the +0 helmet "Nopp" (worn) {Str+5}
   (You found it on level 1 of the Snake Pit)

   Str:       It affects your strength (+5).
 C - a +2 pair of gloves (worn)
 I - a +2 kite shield of resistance (worn)
 Z - a +1 pair of boots of stealth (worn)
Jewellery
 f - a +4 ring of evasion (left hand)
 p - a ring of protection from cold
 v - an amulet of reflection (around neck)
 x - a ring of see invisible (right hand)
 E - a ring of willpower
 N - the ring of the Country {rN+ Will+}
   (You found it in an ice cave)

   [ring of positive energy]

   rN:        It protects you from negative energy.
   Will:      It increases your willpower.
Wands
 G - a wand of digging (3)
 J - a wand of roots (27)
 L - a wand of paralysis (12)
 O - a wand of acid (18)
 S - a wand of polymorph (11)
 T - a wand of mindburst (18)
 X - a wand of flame (43)
Scrolls
 a - 4 scrolls of enchant armour
 b - 3 scrolls of identify
 d - 7 scrolls of blinking
 h - 16 scrolls of teleportation
 l - 7 scrolls of fear
 q - 9 scrolls of poison
 w - 4 scrolls of enchant weapon
 y - 3 scrolls of magic mapping
 H - a scroll of brand weapon
 K - 3 scrolls of butterflies
Potions
 c - 3 potions of might
 e - 2 potions of berserk rage
 g - 8 potions of mutation
 i - 7 potions of brilliance
 j - 7 potions of attraction
 n - 12 potions of curing
 r - 4 potions of heal wounds
 z - 3 potions of cancellation
 A - 8 potions of haste
 M - 3 potions of invisibility
 Q - 4 potions of resistance
 R - 2 potions of ambrosia
 Y - 3 potions of magic


   Skills:
 + Level 19.6 Fighting
 - Level 2.0 Long Blades
 - Level 5.6(10.9) Axes
 - Level 15.5(16.0) Maces & Flails
 - Level 15.0 Armour
 - Level 1.5 Dodging
 - Level 9.0 Shields
 - Level 8.0 Spellcasting
 - Level 6.0 Conjurations
 - Level 4.0 Hexes
 - Level 7.0 Invocations
 + Level 11.9 Evocations


You had 31 spell levels left.
You knew the following spells:

 Your Spells              Type           Power      Damage    Failure   Level
a - Kiss of Death         Conj/Necr      68%        2d10      36%         1
b - Slow                  Hex            80%        N/A       26%         1

Your spell library contained the following spells:

 Spells                   Type           Power      Damage    Failure   Level
 Foxfire                  Conj/Fire      68%        2x1d7     36%         1
 Momentum Strike          Conj/Tloc      34%        3d8       50%         2
 Confusing Touch          Hex            20%        N/A       58%         3
 Hailstorm                Conj/Ice       17%        3d6       75%         3
 Mephitic Cloud           Conj/Pois/Air  13%        N/A       86%         3
 Poisonous Vapours        Pois/Air       12%        N/A       89%         2
 Scorch                   Fire           12%        2d5       89%         2
 Cause Fear               Hex            10%        N/A       94%         4
 Vampiric Draining        Necr           6%         2d6       98%         3
 Flame Wave               Conj/Fire      17%        2d7       98%         4
 Anguish                  Hex/Necr       6%         N/A       99%         4
 Dispel Undead            Necr           6%         3d8       100%        4
 Fireball                 Conj/Fire      8%         3d6       100%        5
 Starburst                Conj/Fire      8%         6d4       100%        6
 Dragon Form              Tmut           3%         N/A       100%        7
 Enfeeble                 Hex            10%        N/A       100%        7
 Orb of Destruction       Conj           13%        9d7       100%        7
 Summon Guardian Golem    Hex/Summ       Unusable   N/A       N/A         3
 Cigotuvi's Dreadful Rot  Necr/Pois/Air  Unusable   N/A       N/A         2
 Death Channel            Necr           Unusable   N/A       N/A         6
 Summon Cactus Giant      Summ           Unusable   N/A       N/A         6
 Spellforged Servitor     Conj/Summ      Unusable   N/A       N/A         7
 Dragon's Call            Summ           Unusable   N/A       N/A         9

Dungeon Overview and Level Annotations

Branches:
Dungeon (15/15) Temple (1/1) D:4 Lair (5/5) D:11 Shoals (0/4) Lair:2 Snake (4/4) Lair:2 Slime (0/5) Lair:4 Orc (2/2) D:11 Elf (0/3) Orc:2 Vaults (0/5) D:12 D:13 Depths (0/4) D:15 IceCv (visited) Gauntlet (visited)

Altars:
Ashenzari
Cheibriados
Dithmenos
Elyvilon
Fedhas
Gozag
Hepliaklqana
Kikubaaqudgha
Makhleb
Nemelex Xobeh
Okawaru
Qazlal
Ru
Sif Muna
Trog
Uskayaw
Vehumet
Wu Jian
Xom
Yredelemnul
Zin
The Shining One
Jiyva

Shops:
D:2 !   D:3 [   D:4 ?   D:6 [?!?   Orc:1 *   Orc:2 :([*   Snake:4 :==

Annotations:
D:3 exclusion: statue


Innate Abilities, Weirdness & Mutations

You are immune to sickness and miasma.
Your stone body is resilient. (AC +13)
You are immune to poison.
Your large and strong wings let you fly.
You resist negative energy. (rN+)
You are resistant to electric shocks. (rElec)
You are resistant to unholy torment.
You are immune to petrification.


Message History

You start resting.
HP restored.
Things that are here:
a +0 spear; a +0 robe
Found a whip.
Done exploring.
Done exploring.
Done exploring.
Things that are here:
a +0 spear; a +0 robe You see here a naga corpse.
Unknown command.
Search for what [Enter for "god", or ? for help]? mace
Okay, then.
Search for what [Enter for "mace", or ? for help]? shield Saving game... please wait.
Welcome back, Napalmbreeze the Gargoyle Reaver.
Okawaru says: Bring me glory in combat!
Press ? for a list of commands and other information.
(D) Dungeon (T) Temple (L) Lair (A) Shoals (P) Snake Pit (M) Slime Pits (O) Orcish Mines (E) Elven Halls (V) Vaults (U) Depths
Where to? (? - help)
Okay, then.
Press: ? - help, v - describe, . - travel, g - get item Item here: a naga corpse.
The floor, spattered with blood.
Hit: u) +6 eveningstar "Demonbane" {flame, Fly rC- Str+4}
Press: ? - help, Dir - move target, f - you
Okay, then.
Welcome back, Napalmbreeze the Gargoyle Reaver.
Okawaru says: Bring me glory in combat!
Press ? for a list of commands and other information.
Done exploring.
Okay, then.
Welcome back, Napalmbreeze the Gargoyle Reaver.
Okawaru says: Bring me glory in combat!
Press ? for a list of commands and other information.
You see here a salamander corpse.
Are you sure you want to abandon this character and quit the game? (Confirm with "yes".)

##....#...#.......##...#)).#...##
#.....#...#....)..##...#...#...##
......#...##......##...#...#.....
......##...#.....##....#...#.....
###...##.[.###..##....##...#.....
###.##..)).####....##...##.....
##.###..[........##....#......
#..####.........##....###..... #
#..##.###....@###.....# #..... #
#..##..#########...).## #....# #
#......# ##....)## #....# #
#..###########....)######....# #
#...................).......##
##........)....).)...))......#
##.[.)...........))...........#
#..............).)............##
#....######.....###########....#


There were no monsters in sight!

Vanquished Creatures
  Rupert (D:12)
  A lich (Arena)
  14 nagarajas
  An orc warlord (Orc:1)
  A minotaur (Gauntlet)
  A dire elephant (D:15)
  Snorg (Lair:5)
  A fire dragon (Lair:5)
  A great orb of eyes (D:15)
  2 caustic shrike simulacra (IceCv)
  A rakshasa (D:14)
  12 anacondas
  2 catoblepae
  5 two-headed ogres
  5 hydras
  8 salamander tyrants
  2 boulder beetles
  Erica (D:11)
  6 centaur warriors
  17 naga warriors
  2 tengu warriors
  8 shock serpents
  15 naga sharpshooters
  2 orc high priests (Orc:2)
  Urug (Orc:1)
  Sonja (D:12)
  Amaemon (D:10)
  The ghost of SkiLLzEr0 the Cleaver, a novice MiFi of Okawaru (D:7)
  10 salamander mystics
  6 skeletal warriors
  Lodul (D:10)
  A glowing orange brain (Gauntlet)
  3 bog bodies (IceCv)
  10 naga ritualists
  The ghost of b0ghi87 the Trooper, a novice MiFi of Okawaru (D:6)
  An obsidian statue (IceCv)
  Pikel (D:4)
  2 spriggan simulacra (IceCv)
  A lindwurm (Lair:5)
  4 orc knights
  A necromancer (IceCv)
  12 mana vipers
  6 deep elf pyromancers
  5 orc sorcerers (Orc:2)
  26 salamanders
  14 ugly things
  5 manticores
  11 cyclopes
  20 elephants
  8 guardian serpents
  3 molten gargoyles (Lair:5)
  22 naga magi
  44 black mambas
  9 cane toads
  An orange demon (D:10)
  A gargoyle (D:13)
  A minotaur zombie (Gauntlet)
  An unseen horror (shapeshifter) (D:14)
  A cane toad (shapeshifter) (D:12)
  13 komodo dragons
  Psyche (D:11)
  An unseen horror (D:13)
  5 rime drakes
  14 freezing wraiths (IceCv)
  An efreet (Gauntlet)
  3 polar bears
  3 golden dragon simulacra (IceCv)
  4 merfolk
  7 trolls
  2 anaconda simulacra (IceCv)
  6 meliai
  Grinder (D:5)
  3 blink frogs (Lair:3)
  7 dream sheep (Lair:3)
  Sigmund (D:5)
  2 dire elephant simulacra (IceCv)
  16 humans
  5 wraiths
  A vampire (D:13)
  A shadow (D:9)
  7 wyverns
  52 yaks
  A basilisk (shapeshifter) (D:13)
  2 fire elementals (Gauntlet)
  A human (shapeshifter) (D:11)
  6 steam dragons
  4 minotaur simulacra (IceCv)
  7 basilisks
  6 vampire mosquitoes
  3 wargs
  Grum (D:8)
  Menkaure (D:5)
  37 nagas
  2 hydra simulacra (IceCv)
  6 harpy simulacra (IceCv)
  2 acid dragons
  13 water moccasins
  7 hell hounds
  2 ice beasts
  26 orc warriors
  2 sky beasts
  4 black bears
  4 alligator simulacra (IceCv)
  An ettin simulacrum (IceCv)
  5 wolves
  13 ogres
  13 centaurs
  11 bullfrogs
  Blork the orc (D:6)
  2 kobold brigands (D:7)
  A necrophage (D:8)
  6 scorpions
  4 wights (D:7)
  3 lindwurm simulacra (IceCv)
  16 killer bees
  7 electric eels
  6 howler monkeys
  5 lava snakes (Lair:5)
  3 hounds
  A gnoll bouda (D:6)
  3 jellies
  9 orc priests
  3 iguanas
  22 orc wizards
  3 gnolls (D:6)
  4 adders
  2 ufetubi
  4 worms
  4 dart slugs
  56 orcs
  4 ball pythons
  4 endoplasms
  7 giant cockroaches
  14 goblins
  12 hobgoblins
  11 jackals
  A quokka (D:5)
  9 bats
  6 frilled lizards
  20 kobolds
  6 rats
941 creatures vanquished.

Vanquished Creatures (others)
  A naga (Snake:4)
  An orc (Orc:2)
  A kobold (D:7)
  14 demonic plants (Gauntlet)
  46 fungi
  49 plants
  2 withered plants (Gauntlet)
114 creatures vanquished.

Grand Total: 1055 creatures vanquished

Notes
Turn   | Place    | Note
-------+----------+-------------------------------------------
     0 | D:1      | Napalmbreeze the Gargoyle Reaver began the quest for the
                  | Orb.
     0 | D:1      | Reached XP level 1. HP: 12/12 MP: 3/3
   106 | D:1      | Reached XP level 2. HP: 18/18 MP: 5/5
   128 | D:1      | Reached skill level 3 in Fighting
   479 | D:1      | Reached XP level 3. HP: 21/24 MP: 6/6
   584 | D:2      | Reached skill level 4 in Fighting
  1105 | D:2      | Reached XP level 4. HP: 28/29 MP: 7/7
  1344 | D:2      | Reached skill level 1 in Axes
  1473 | D:2      | Found Peitse's Distillery.
  1482 | D:2      | Bought a potion of curing for 39 gold pieces
  1482 | D:2      | Bought a potion of degeneration for 13 gold pieces
  1571 | D:3      | Found a faded altar of an unknown god.
  1631 | D:3      | Reached XP level 5. HP: 25/34 MP: 8/8
  1718 | D:3      | Found Doiph's Antique Armour Boutique.
  1805 | D:3      | Found a radiant altar of Vehumet.
  1805 | D:3      | Noticed a charred statue
  1814 | D:3      | Found a shimmering altar of Xom.
  1838 | D:3      | Found a shimmering blue altar of Sif Muna.
  1838 | D:3      | Found a hide-covered altar of Uskayaw.
  1838 | D:3      | Found a stormy altar of Qazlal.
  2122 | D:4      | Reached skill level 1 in Armour
  2222 | D:4      | Noticed a black bear
  2231 | D:4      | Killed a black bear
  2232 | D:4      | Reached skill level 5 in Fighting
  2232 | D:4      | Reached skill level 1 in Shields
  2232 | D:4      | Reached XP level 6. HP: 32/40 MP: 10/10
  2369 | D:4      | Found Fiynuija's Magic Scroll Shoppe.
  2375 | D:4      | Bought a scroll of fear for 40 gold pieces
  3147 | D:4      | Found a staircase to the Ecumenical Temple.
  3161 | Temple   | Entered the Ecumenical Temple
  3345 | Temple   | Became a worshipper of Warmaster Okawaru
  3360 | D:4      | Noticed Pikel
  3387 | D:4      | Killed Pikel
  3387 | D:4      | Reached * piety under Okawaru
  3387 | D:4      | Reached ** piety under Okawaru
  3388 | D:4      | Reached skill level 1 in Invocations
  3388 | D:4      | Reached XP level 7. HP: 19/44 MP: 10/12
  3485 | D:4      | Reached XP level 8. HP: 49/51 MP: 13/13
  3574 | D:5      | Entered Level 5 of the Dungeon
  3716 | D:5      | Reached *** piety under Okawaru
  3717 | D:5      | Reached skill level 6 in Fighting
  3898 | D:5      | Noticed Grinder
  3915 | D:5      | Paralysed by Grinder for 2 turns
  3935 | D:5      | Killed Grinder
  3936 | D:5      | Reached skill level 5 in Spellcasting
  4156 | D:5      | Noticed Sigmund
  4167 | D:5      | Killed Sigmund
  4224 | D:5      | Reached XP level 9. HP: 48/56 MP: 17/17
  4325 | D:5      | Noticed Menkaure
  4340 | D:5      | Killed Menkaure
  4485 | D:6      | Found Zevepp's Magic Scroll Shop.
  4490 | D:6      | Bought a scroll of identify for 26 gold pieces
  4490 | D:6      | Bought a scroll of teleportation for 39 gold pieces
  4490 | D:6      | Bought a scroll of amnesia for 52 gold pieces
  4495 | D:6      | Reached skill level 14 in Fighting
  4495 | D:6      | Reached XP level 10. HP: 75/75 MP: 18/18
  4598 | D:6      | Found a runed translucent gate.
  4599 | D:6      | Found a runed translucent gate.
  4600 | D:6      | Found a runed translucent gate.
  4657 | D:6      | Found Ylimaq's Distillery.
  4889 | D:6      | Noticed Blork the orc
  4914 | D:6      | Killed Blork the orc
  5297 | D:6      | Reached **** piety under Okawaru
  5315 | D:6      | Found Emuuloet's Antique Armour Boutique.
  5443 | D:6      | Found Nixkine's Magic Scroll Boutique.
  5736 | D:6      | Noticed b0ghi87's ghost (novice MiFi)
  5787 | D:6      | Killed b0ghi87's ghost
  5825 | D:6      | Bought a scroll of magic mapping for 82 gold pieces
  5865 | D:6      | Learned a level 1 spell: Slow
  5909 | D:7      | Found a runed translucent gate.
  5914 | D:7      | Found a runed translucent gate.
  5914 | D:7      | Found a runed translucent gate.
  5923 | D:7      | Noticed SkiLLzEr0's ghost (novice MiFi)
  6172 | D:7      | Reached skill level 5 in Axes
  6496 | D:7      | Reached ***** piety under Okawaru
  6497 | D:7      | Reached skill level 5 in Armour
  6693 | D:7      | Killed SkiLLzEr0's ghost
  6694 | D:7      | Reached skill level 5 in Conjurations
  6694 | D:7      | Reached skill level 1 in Hexes
  6694 | D:7      | Reached XP level 11. HP: 10/80 MP: 17/20
  7193 | D:8      | Found a snail-covered altar of Cheibriados.
  7235 | D:8      | Noticed Grum
  7271 | D:8      | Killed Grum
  7744 | D:8      | Noticed a deep elf pyromancer
  7762 | D:8      | Killed a deep elf pyromancer
  7846 | D:8      | Noticed a tengu warrior
  7862 | D:8      | Killed a tengu warrior
  7862 | D:8      | Received a gift from Okawaru
  9295 | D:9      | Reached skill level 5 in Maces & Flails
  9958 | D:9      | Reached XP level 12. HP: 85/85 MP: 24/24
 10368 | D:9      | Noticed a two-headed ogre
 10393 | D:9      | Killed a two-headed ogre
 10482 | D:10     | Entered Level 10 of the Dungeon
 10518 | D:10     | Received a gift from Okawaru
 10577 | D:10     | Noticed Lodul
 10609 | D:10     | Killed Lodul
 10771 | D:10     | Noticed a centaur warrior
 10792 | D:10     | Killed a centaur warrior
 10793 | D:10     | Reached skill level 1 in Long Blades
 10854 | D:10     | Identified the +1 leather armour "Zossidd" {rElec}
 10953 | D:10     | Identified a scroll of acquirement
 10953 | D:10     | Acquired the +3 helmet of Qoux {+Blink}
 11170 | D:10     | Noticed Amaemon
 11196 | D:10     | Killed Amaemon
 11331 | D:10     | Found a basalt altar of Yredelemnul.
 11333 | D:10     | Noticed a profane servitor
 11433 | D:10     | Found a glowing golden altar of the Shining One.
 11613 | D:10     | Noticed an angel
 11778 | D:11     | Reached skill level 10 in Maces & Flails
 11791 | D:11     | Reached ****** piety under Okawaru
 11791 | D:11     | Received a gift from Okawaru
 11944 | D:11     | Noticed Psyche
 11957 | D:11     | Killed Psyche
 12137 | D:11     | Noticed a two-headed ogre
 12146 | D:11     | Killed a two-headed ogre
 12159 | D:11     | Found a staircase to the Lair.
 12180 | D:11     | Found a staircase to the Orcish Mines.
 12276 | D:11     | Reached XP level 13. HP: 59/91 MP: 25/25
 12662 | D:11     | Noticed Erica
 12678 | D:11     | Killed Erica
 12859 | Lair:1   | Entered Level 1 of the Lair of Beasts
 13909 | Lair:2   | Found a staircase to the Snake Pit.
 13924 | Lair:2   | Found a staircase to the Shoals.
 13944 | Lair:2   | Received a gift from Okawaru
 14336 | Lair:2   | Identified the +2 ring mail "Qinal" {rF- Dex+7} (Okawaru
                  | gifted it to you on level 2 of the Lair of Beasts)
 14336 | Lair:2   | Received a gift from Okawaru
 14801 | Lair:2   | Reached skill level 15 in Fighting
 15528 | Lair:3   | Gained mutation: Your large and strong wings let you fly.
                  | [Gargoyle growth]
 15528 | Lair:3   | Reached XP level 14. HP: 62/98 MP: 26/26
 16389 | Lair:4   | Found a staircase to the Slime Pits.
 16390 | Lair:4   | Found a viscous altar of Jiyva.
 16401 | Lair:4   | Noticed Nessos
 16410 | Lair:4   | Nessos changed into Nessos the salamander
 16410 | Lair:4   | Noticed Nessos
 16432 | Lair:4   | Killed Nessos the salamander
 17344 | Lair:4   | Received a gift from Okawaru
 17700 | Lair:5   | Entered Level 5 of the Lair of Beasts
 17701 | Lair:5   | Found a white marble altar of Elyvilon.
 17824 | Lair:5   | Found a bloodstained altar of Trog.
 17903 | Lair:5   | Reached skill level 16 in Fighting
 17966 | Lair:5   | Identified the +6 shortbow of the Evening {antimagic, Str+2
                  | Stlth+}
 17981 | Lair:5   | Identified the +11 spear "Zorete" {elec, +Blink rPois
                  | Int-2}
 18067 | Lair:5   | Found the +15 Maxwell's patent armour {-Cast -Tele rElec
                  | Will+ rCorr}
 18193 | Lair:5   | Reached skill level 1 in Evocations
 18581 | Lair:5   | Received a gift from Okawaru
 18587 | Lair:5   | Reached skill level 5 in Invocations
 18656 | Lair:5   | Noticed Snorg
 18701 | Lair:5   | Killed Snorg
 18818 | Lair:5   | Found a large runed translucent door.
 18819 | Lair:5   | Found a large runed translucent door.
 19361 | Orc:1    | Entered Level 1 of the Orcish Mines
 19361 | Orc:1    | Noticed Urug
 19377 | Orc:1    | Killed Urug
 19530 | Orc:1    | Found Evad's Assorted Antiques.
 20187 | D:12     | Noticed Sonja
 20193 | D:12     | Killed Sonja
 20194 | D:12     | Reached XP level 15. HP: 100/104 MP: 27/27
 20290 | D:12     | Identified the amulet "Zounnu" {Spirit Int+3}
 20330 | D:12     | Reached skill level 10 in Armour
 20542 | D:13     | Noticed Rupert
 20542 | D:13     | Found a gate to the Vaults.
 20625 | D:12     | Killed Rupert
 20680 | D:13     | Reached skill level 5 in Shields
 20973 | D:13     | Received a gift from Okawaru
 21338 | D:13     | Identified the +3 leather armour of the Sandy God {rPois
                  | Str+3 Int+3}
 21579 | D:14     | Reached skill level 5 in Evocations
 21652 | D:14     | Found a gate leading to a gauntlet.
 21667 | Gauntlet | Entered a Gauntlet
 21667 | Gauntlet | Found a transporter.
 21667 | Gauntlet | Found a transporter.
 21667 | Gauntlet | Found a transporter.
 21692 | Gauntlet | Found a transporter.
 21704 | Gauntlet | Found a transporter.
 21725 | Gauntlet | Found a transporter.
 21748 | Gauntlet | Found a transporter.
 21767 | Gauntlet | Found a transporter.
 21775 | Gauntlet | Found a transporter.
 21795 | Gauntlet | Found a transporter.
 21835 | Gauntlet | Found a transporter.
 21849 | Gauntlet | Found a transporter.
 22149 | Gauntlet | Identified the ring "Vebezxun" {rCorr Int+7 Dex-5}
 22551 | D:14     | Found a blossoming altar of Fedhas.
 22620 | D:14     | Identified the +0 leather armour of Jajai {Harm Will+
                  | Regen+ Int+4}
 22914 | D:15     | Entered Level 15 of the Dungeon
 23411 | D:15     | Found a staircase to the Depths.
 23496 | D:15     | Received a gift from Okawaru
 24212 | D:15     | Reached XP level 16. HP: 95/110 MP: 28/28
 24607 | D:15     | Identified the +2 quarterstaff "Heimy" {holy, rF++ Int-3}
 24815 | Orc:2    | Entered Level 2 of the Orcish Mines
 25407 | Orc:2    | Found Jeefrueg's Antique Armour Shoppe.
 25428 | Orc:2    | Bought a brightly glowing cloak for 285 gold pieces
 25428 | Orc:2    | Identified the +1 cloak of Depression {Rampage} (You bought
                  | it in a shop on level 2 of the Orcish Mines)
 25464 | Orc:1    | Bought a runed kite shield for 217 gold pieces
 25521 | Orc:2    | Found Donumous's Antique Weapon Boutique.
 25560 | Orc:2    | Found a staircase to the Elven Halls.
 25592 | Orc:2    | Found Xazaf's General Store.
 25743 | Orc:2    | Found Wopasch's Book Shoppe.
 26367 | Snake:1  | Entered Level 1 of the Snake Pit
 26393 | Snake:1  | Reached skill level 10 in Evocations
 26785 | Snake:1  | Identified the +7 whip of Equivalence {freeze, *Slow rF+
                  | Int+3} (Okawaru gifted it to you on level 1 of the Snake
                  | Pit)
 26785 | Snake:1  | Received a gift from Okawaru
 28010 | Snake:1  | Identified the +6 eveningstar "Demonbane" {flame, Fly rC-
                  | Str+4} (Okawaru gifted it to you on level 1 of the Snake
                  | Pit)
 28010 | Snake:1  | Received a gift from Okawaru
 28118 | Snake:1  | Reached skill level 17 in Fighting
 28247 | Snake:1  | Identified the +0 helmet "Nopp" {Str+5}
 28678 | Snake:2  | Found a frozen archway.
 28727 | Snake:2  | Reached XP level 17. HP: 47/117 MP: 25/29
 28879 | IceCv    | Entered an ice cave
 28897 | IceCv    | Identified the +0 buckler of Gimudeor {rF+ rN+ Str+4}
                  | (Okawaru gifted it to you in an ice cave)
 28897 | IceCv    | Received a gift from Okawaru
 29635 | IceCv    | Found an ancient bone altar of Kikubaaqudgha.
 30152 | IceCv    | Noticed a lich
 30158 | IceCv    | HP: 3/119 [harpy simulacrum (6)]
 30166 | Arena    | Entered the Arena
 30174 | Arena    | Killed a lich
 30175 | Arena    | Reached skill level 18 in Fighting
 30479 | IceCv    | Identified the ring of the Country {rN+ Will+}
 30825 | Snake:2  | You are sucked into a shaft and drop 1 floor!
 31577 | Snake:2  | Identified the +2 plate armour "Peehergh" {rC+} (Okawaru
                  | gifted it to you on level 2 of the Snake Pit)
 31577 | Snake:2  | Received a gift from Okawaru
 31948 | Snake:3  | Reached skill level 15 in Maces & Flails
 32611 | Snake:3  | Reached XP level 18. HP: 117/126 MP: 30/30
 33096 | Snake:4  | Entered Level 4 of the Snake Pit
 33516 | Snake:4  | Received a gift from Okawaru
 33613 | Snake:4  | Reached skill level 19 in Fighting
 33848 | Snake:4  | Found Arghiaf's Jewellery Boutique.
 33849 | Snake:4  | Found Ytoinihogh's Book Emporium.
 33853 | Snake:4  | Found Yhocukoi's Jewellery Boutique.
 34394 | Snake:4  | Received a gift from Okawaru
 34395 | Snake:4  | Reached skill level 15 in Armour
 34422 | Snake:4  | Got a serpentine rune of Zot
 34722 | Snake:4  | Identified the +11 flail "Nutuotweuq" {drain, rCorr Str+3}
 34942 | Snake:4  | Upgraded the game from 0.30-a0-364-gf6b3ef1049 to
                  | 0.30-a0-743-gbfdf073431
 34958 | Snake:4  | Quit the game

Illustrated notes

Levels and vault maps discovered:
D:1:      lemuel_arrival_behind_the_door_large, layout_rooms, solitary_fountain,
          minmay_heptomino_o4
D:2:      layout_loops_corners, serial_shops, nicolae_lakefront_shop
D:3:      layout_basic, vehumet_statue, grunt_temple_overflow_open,
          hellmonk_ecumenical_altar_arch_garden, serial_shops, shop
D:4:      cheibrodos_greedy_goblins, layout_basic, temple_statues, serial_shops,
          kennysheep_little_box, uniq_pikel
D:5:      nicolae_cairo_tiling_very_big, layout_rooms, uniq_menkaure,
          uniq_grinder, uniq_sigmund
D:6:      layout_basic, ebering_ghost_rock_garden, serial_shops,
          nicolae_shop_temple_entry_statues_fountains, shop, shop,
          nicolae_inconvenience_store, uniq_blork_the_orc
D:7:      layout_cave_pools, gammafunk_ghost_split
D:8:      layout_basic, kennysheep_slug_shrine, chequers_serial_rivers_micro_b,
          minmay_three_doors, uniq_grum
D:9:      minmay_bubble_buster, layout_cave_pools
D:10:     layout_irregular_city, grunt_temple_overflow_holy_war,
          minmay_crystal_water, uniq_lodul, uniq_amaemon
D:11:     hangedman_cross_stitches, layout_rooms,
          grunt_lair_entry_orc_guard_hut, orc_0_dummy, uniq_erica, uniq_psyche
D:12:     layout_gridville, uniq_sonja
D:13:     layout_gridville, david_vaults_3
D:14:     layout_long_grid, nicolae_figureground_sparkle,
          gauntlet_entry_generic, fedhas_ov_isle_minmay
D:15:     hangedman_depths_entry_try_elsewhere_first, layout_layer_cave,
          small_statue_intersection, uniq_rupert
Temple:   nicolae_temple_bog_church
Lair:1:   layout_hall_layers, minivault_23, st_stairs_4, minmay_holes,
          grunt_megastairs_2
Lair:2:   layout_regular_city, elwin_shoals_entry_stream, dummy_snake_entry,
          nicolae_quartered_pool_impasse, beast_lair_carwin_4,
          lemuel_fruit_fields
Lair:3:   layout_loops_ring, minivault_24, lemuel_fruit_fields,
          infiniplex_staircase_pool, lemuel_fruit_fields
Lair:4:   layout_regular_city, slime_entry_1, uniq_nessos
Lair:5:   cheibrodos_lair_end_hotspot, layout_regular_city, serial_bayou,
          serial_bayou_lake_a, serial_bayou_pond_e, serial_bayou_shore_b,
          serial_bayou_ford_a, basic_altar, lemuel_altar_in_water2,
          dreamdust_deal_with_the_devil, minmay_lair_drake_nest, uniq_snorg
Snake:1:  kennysheep_snake, layout_chambers, grunt_ministairs_10
Snake:2:  layout_cave_town, portal_ice_cave_entry_pillars_three
Snake:3:  cheibrodos_snake_lava_hold, layout_gridlike
Snake:4:  grunt_snake_rune_spirals, layout_onion, minmay_shop_grove
Orc:1:    layout_caves, serial_shops, shop_fountains, nicolae_orc_lava_room,
          uniq_urug
Orc:2:    grunt_orc_gardens, layout_diamond_mine, grunt_orc_garden,
          grunt_orc_garden, grunt_orc_garden, grunt_orc_garden

Skill      XL: |  1  2  3  4  5  6  7  8  9 10 11 12 13 14 15 16 17 18 |
---------------+-------------------------------------------------------+-----
Fighting       | 3 4 5 6 14 15 16 17 18 19 | 19.6
Axes           | 1 2 3 4 5 |  5.6
Armour         | 1 2 3 5 8 9 10 12 14 15 | 15.0
Shields        | 1 3 4 9 |  9.0
Spellcasting   | 3 5 6 8 |  8.0
Invocations    | 1 2 3 5 7 |  7.0
Conjurations   | 5 6 |  6.0
Hexes          | 1 4 |  4.0
Maces & Flails | 5 11 12 14 15 | 15.5
Long Blades    | 2 |  2.0
Evocations     | 3 7 10 11 | 11.9
Dodging        | |  1.5

Action                     |  1- 3 |  4- 6 |  7- 9 | 10-12 | 13-15 | 16-18 || total
---------------------------+-------+-------+-------+-------+-------+-------++-------
  Melee: Mace              |   135 |   103 |       |       |       |       ||   238
         Punch             |       |     1 |       |       |       |       ||     1
         Whip              |       |   115 |   140 |  1208 |       |       ||  1463
         Demon whip        |       |       |       |   180 |  1688 |   874 ||  2742
         Eveningstar       |       |       |       |       |       |   832 ||   832
 Invoke: Heroism           |       |       |     2 |    11 |    14 |    12 ||    39
         Finesse           |       |       |       |     2 |     3 |     4 ||     9
         Duel              |       |       |       |       |       |     1 ||     1
Ability: Evoke Blink       |       |       |       |       |     1 |       ||     1
  Evoke: Wand              |       |       |       |       |     2 |       ||     2
    Use: Scroll            |     3 |       |     5 |     9 |    12 |     3 ||    32
         Potion            |       |       |     1 |       |     2 |     5 ||     8
 Armour: Leather armour    |    16 |       |       |       |       |       ||    16
         Scale mail        |    59 |    78 |    44 |   488 |       |       ||   669
         Chain mail        |       |       |       |   229 |   336 |       ||   565
         Plate armour      |       |       |       |       |   540 |  1000 ||  1540
  Dodge: Dodged            |   144 |   130 |    58 |   841 |   555 |   561 ||  2289
  Block: Buckler           |       |    22 |    19 |   249 |   387 |   103 ||   780
         Reflection        |       |       |       |       |     8 |   102 ||   110
         Kite shield       |       |       |       |       |       |  1308 ||  1308

Table legend: (Time is in decaauts)
 A = Elapsed time spent in this place.
 B = Non-inter-level travel time spent in this place.
 C = Inter-level travel time spent in this place.
 D = Time resting spent in this place.
 E = Time spent auto-exploring this place.
 F = Levels seen in this place.
 G = Mean time per level.
                   A        B        C        D        E       F      G
               +--------+--------+--------+--------+--------+-----+--------+
         Total |  33370 |  31985 |   1385 |   6729 |  17117 |  30 | 1112.3 |
       Dungeon |  16489 |  15874 |    615 |   2740 |   8911 |  15 | 1099.3 |
        Temple |    199 |    166 |     33 |      0 |    154 |   1 |  199.0 |
          Lair |   6137 |   5831 |    306 |   1282 |   3390 |   5 | 1227.4 |
     Snake Pit |   6552 |   6299 |    253 |   1159 |   3339 |   4 | 1638.0 |
  Orcish Mines |   1754 |   1577 |    177 |    365 |    907 |   2 |  877.0 |
      Ice Cave |   1593 |   1593 |      0 |    925 |    223 |   1 | 1593.0 |
      Gauntlet |    615 |    615 |      0 |    238 |    192 |   1 |  615.0 |
         Arena |     27 |     27 |      0 |     20 |      0 |   1 |   27.0 |
               +--------+--------+--------+--------+--------+-----+--------+

Top non-repeatable levels by time:
 Snake:1: 2177 daAuts
 Snake:4: 1796 daAuts
     D:9: 1782 daAuts
    D:15: 1683 daAuts
     D:8: 1634 daAuts
   IceCv: 1593 daAuts
  Lair:3: 1436 daAuts
  Lair:5: 1382 daAuts
     D:6: 1315 daAuts
 Snake:2: 1312 daAuts
     D:4: 1293 daAuts
 Snake:3: 1266 daAuts
  Lair:1: 1147 daAuts
    D:11: 1141 daAuts
  Lair:4: 1103 daAuts
